 Dungeon Crawl Stone Soup version 0.21-a0-201-g8501b10 (webtiles) character file.

119 KristoblXynda the Charmwright (level 4, -2/22 HPs)
             Began as a Spriggan Skald on Aug 17, 2017.
             Killed by nerve-wracking pain
             ... invoked by Jessica
              (14 damage)
             ... on level 3 of the Dungeon on Aug 18, 2017.
             The game lasted 00:07:30 (3504 turns).

KristoblXynda the Charmwright (Spriggan Skald)      Turns: 3504, Time: 00:07:31

Health: -2/22      AC:  2    Str:  8    XL:     4   Next: 73%
Magic:  8/9        EV: 18    Int: 14    God:
Gold:   128        SH:  0    Dex: 15    Spells: 0/9 levels left

rFire    . . .     SeeInvis +   a - +1 short sword
rCold    . . .     Gourm    .   (shield restricted)
rNeg     . . .     Faith    .   b - +0 robe
rPois    .         Spirit   .   (helmet restricted)
rElec    .         Reflect  .   (no cloak)
rCorr    .         Harm     .   (gloves unavailable)
MR       .....                  (boots unavailable)
Stlth    ++........             (no amulet)
HPRegen  0.07/turn              (no ring)
MPRegen  0.11/turn              (no ring)

@: very quick
A: unfitting armour, see invisible, herbivore 3, speed 3, slow metabolism 2
a: no special abilities


You were on level 3 of the Dungeon.
You were full.

You visited 1 branch of the dungeon, and saw 3 of its levels.

You collected 128 gold pieces.

Inventory:

Hand Weapons
 a - a +1 short sword (weapon)
Armour
 b - a +0 robe (worn)
 k - a +0 buckler
Scrolls
 e - a scroll of recharging
 f - a scroll of enchant weapon
 i - 2 scrolls of teleportation
 j - a scroll of remove curse
Potions
 c - 2 potions of degeneration {unknown}
 g - a potion of curing
 h - a potion of heal wounds
Comestibles
 d - 3 bread rations


   Skills:
 - Level 1.5 Fighting
 + Level 3.3 Short Blades
 - Level 3.5 Dodging
 + Level 3.4 Stealth
 - Level 3.1 Spellcasting
 + Level 0.5 Hexes
 + Level 5.9 Charms


You couldn't memorise any spells.
You knew the following spells:

 Your Spells              Type           Power        Failure   Level  Hunger
a - Infusion              Chrm           ###.         1%          1    #......
b - Shroud of Golubria    Chrm/Tloc      ##........   10%         2    ##.....
c - Regeneration          Chrm/Necr      ##........   19%         3    ###....
d - Spectral Weapon       Hex/Chrm       ##......     17%         3    ###....


Dungeon Overview and Level Annotations

Branches:
Dungeon (3/15)

Altars:

Annotations:
D:3 Jessica


Innate Abilities, Weirdness & Mutations

You are very small and have problems with some larger weapons.
You are too small for most types of armour.
You have supernaturally acute eyesight. (SInv)
You are a herbivore.
You cover ground extremely quickly.
You need consume almost no food.


Message History

Your shroud bends Jessica's attack away.
You hit Jessica but do no damage. You hit Jessica.
Jessica is heavily wounded.
You hit Jessica but do no damage.
Jessica is heavily wounded.
Your shroud unravels.
Jessica closely misses you.
You hit Jessica.
Jessica is almost dead.
Jessica misses you.
You hit Jessica but do no damage.
Jessica is almost dead.
Jessica closely misses you.
You closely miss Jessica.
Jessica is almost dead.
Jessica gestures at you while chanting. Pain shoots through your body!
Ouch! That really hurt!
You die...

#..........o#
#####..%###..#
#...# #.# #..?#
#o..
>######...##..?o.
.................
#...####..###.##.
#.....@...#.#
####.@###...#
###...##Z#....#
###...#...(#
#....
##...###....# #.#
#..### #..<.# .
#)## ###### #.#
#..# ...##


You could see Jessica.

Vanquished Creatures
  3 adders (D:2)
  A gnoll (D:1)
  A shadow imp (D:3)
  An ooze (D:1)
  An adder zombie (D:3)
  A worm (D:2)
  2 dart slugs (D:1)
  3 leopard geckos (D:2)
  2 orcs (D:3)
  3 giant cockroaches
  6 goblins
  8 hobgoblins
  5 jackals
  A quokka (D:2)
  6 bats (D:1)
  A frilled lizard (D:2)
  3 kobolds (D:1)
  6 rats
54 creatures vanquished.

Notes
Turn   | Place    | Note
-------+----------+-------------------------------------------
     0 | D:1      | KristoblXynda the Spriggan Skald began the quest for the Orb.
     0 | D:1      | Reached XP level 1. HP: 10/10 MP: 5/5
   282 | D:1      | Reached XP level 2. HP: 11/14 MP: 7/7
   760 | D:1      | Learned a level 2 spell: Shroud of Golubria
   770 | D:1      | Reached skill level 1 in Stealth
  1185 | D:1      | Reached XP level 3. HP: 13/18 MP: 8/8
  1468 | D:1      | Reached skill level 5 in Charms
  1762 | D:1      | Learned a level 3 spell: Regeneration
  2374 | D:2      | Reached XP level 4. HP: 9/22 MP: 2/9
  2390 | D:2      | Learned a level 3 spell: Spectral Weapon
  3497 | D:3      | Noticed Jessica
  3504 | D:3      | Killed from afar by Jessica

Vault maps used:
D:1:      sevenhm_arrival_forest_fort_large_4
D:3:      gammafunk_temple_overflow_forgotten, minitemple,
          grunt_decor_arrowhead, nicolae_qazlal_eye_of_the_storm, uniq_robin,
          uniq_jessica

Skill      XL: |  1  2  3  4 |
---------------+-------------+-----
Spellcasting   | 3 |  3.1
Stealth        | 1 2 3 |  3.4
Charms         | 5 |  5.9
Short Blades   | 3 |  3.3
Fighting       | |  1.5
Dodging        | |  3.5
Hexes          | |  0.5

Action                   |  1- 3 |  4- 6 || total
-------------------------+-------+-------++-------
Melee: Short sword       |   177 |   110 ||   287
 Cast: Shroud of Golubri |     2 |     7 ||     9
       Infusion          |     1 |       ||     1
       Regeneration      |     2 |       ||     2
  Use: Scroll            |     5 |     1 ||     6
 Stab: Sleeping          |     3 |     1 ||     4
       Distracted        |     1 |     1 ||     2
  Eat: Bread ration      |       |     1 ||     1
Armor: Robe              |    17 |     7 ||    24
Dodge: Dodged            |   151 |    75 ||   226
